 Dungeon Crawl Stone Soup version 0.31.0-32-g396128a36d (webtiles) character file.

Game seed: 10925294358850029356

21 Peloso the Covered (level 2, -1/27 HPs)
             Began as a Minotaur Fighter on Mar 24, 2024.
             Slain by a hobgoblin (3 damage)
             ... on level 2 of the Dungeon.
             The game lasted 00:01:10 (948 turns).

Peloso the Covered (Minotaur Fighter)                Turns: 948, Time: 00:01:11

Health: -1/27      AC:  7    Str: 20    XL:     2   Next: 62%
Magic:  1/1        EV:  9    Int:  5    God:
Gold:   58         SH:  4    Dex:  9    Spells: 1/1 levels left

rFire   . . .        a - +0 long sword
rCold   . . .        c - +0 buckler
rNeg    . . .        b - +0 scale mail
rPois   .            (helmet restricted)
rElec   .            (no cloak)
rCorr   .            (no gloves)
SInv    .            (no boots)
Will    .....        (no amulet) Stlth
                     (no ring)
HPRegen 0.24/turn    (no ring)
MPRegen 0.07/turn

%: no passive effects
@: no status effects
A: horns 2, retaliatory headbutt
a: no special abilities


You were on level 2 of the Dungeon.
You visited 1 branch of the dungeon, and saw 2 of its levels.

You collected 58 gold pieces.

Inventory:

Hand Weapons
 a - a +0 long sword (weapon)
Armour
 b - a +0 scale mail (worn)
 c - a +0 buckler (worn)
Scrolls
 f - a scroll of revelation {unknown}
Potions
 d - a potion of might


   Skills:
 + Level 3.9 Fighting
 + Level 2.6 Long Blades
 + Level 4.2 Armour
 + Level 3.8 Shields


You had one spell level left.
You didn't know any spells.
Your spell library was empty.

Dungeon Overview and Level Annotations

Branches:
Dungeon (2/15)

Altars:

Annotations:
D:2 Terence


Innate Abilities, Weirdness & Mutations

You have a pair of horns on your head.
You reflexively headbutt those who attack you in melee.


Message History

Done exploring.
Done exploring.
Okay, then.
The air fills with toxic fumes!
As you read the scroll labelled BUIZOYRH HEIMU, it crumbles to dust.
It was a scroll of poison.
You start waiting.
You start waiting.
Done waiting.
What level of the Dungeon? (default 1, ? - help)
There is a stone staircase leading down here.
You climb downwards.
The hobgoblin shouts!
Found a spear.
There is a stone staircase leading up here.
There are monsters nearby!
There are monsters nearby!
There are monsters nearby!
You barely miss Terence. You block Terence's attack.
You barely miss Terence. Terence hits you with a +0 flail.
You hit Terence but do no damage. Terence hits you with a +0 flail.
You barely miss Terence. Terence hits you with a +0 flail!
Terence hits you but does no damage.
You barely miss Terence. You block Terence's attack.
You hit Terence but do no damage. Terence closely misses you.
You furiously retaliate!
You headbutt Terence. You block the hobgoblin's attack.
You hit Terence. Your headbutt misses Terence.
Terence is moderately wounded.
Terence hits you but does no damage. The hobgoblin hits you.
Terence hits you with a +0 flail.
* * * LOW HITPOINT WARNING * * *
The hobgoblin closely misses you.
You hit Terence. You headbutt Terence.
Terence is almost dead.
Terence screams, "I'm going to kill you!"
Terence hits you with a +0 flail.
* * * LOW HITPOINT WARNING * * *
The hobgoblin hits you.
You die...

#...........
.....#.....
##....#.....
#..........#
#..........#
#..).......#
#...........
#...g.....#
#.@@........
#...........
#...........
#...........
#...........
#...........
##.#........
#. .......


You could see Terence and a hobgoblin.

Vanquished Creatures
  4 endoplasms (D:1)
  3 goblins (D:1)
  A hobgoblin (D:1)
  5 ball pythons (D:1)
  3 bats (D:1)
  3 frilled lizards (D:1)
  2 kobolds (D:1)
  A rat (D:1)
22 creatures vanquished.

Notes
Turn   | Place    | Note
-------+----------+-------------------------------------------
     0 | D:1      | Peloso the Minotaur Fighter began the quest for the Orb.
     0 | D:1      | Reached XP level 1. HP: 19/19 MP: 0/0
   227 | D:1      | Reached skill level 4 in Armour
   266 | D:1      | Reached XP level 2. HP: 27/27 MP: 1/1
   939 | D:2      | Noticed Terence
   948 | D:2      | Slain by a hobgoblin

Illustrated notes

Levels and vault maps discovered:
D:1:      arrival_zaba_pyramid, layout_loops_ring, dreamdust_princess_bridge
D:2:      kb_forest_paths, layout_basic, basic_altar, uniq_terence, uniq_robin

Skill      XL: |  1 |
---------------+----+-----
Armour         | 4 |  4.2
Fighting       | |  3.9
Long Blades    | |  2.6
Shields        | |  3.8

Action                     || total
---------------------------++-------
  Melee: Long sword        ||    61
         Headbutt          ||     7
    Use: Scroll            ||     1
 Armour: Scale mail        ||    44
  Dodge: Dodged            ||    37
  Block: Buckler           ||    14
